 Dungeon Crawl Stone Soup version 0.31.0-32-g396128a36d (webtiles) character file.

Game seed: 5962744954330836237

392 Zeor the Digger (level 6, -1/32 HPs)
             Began as a Gargoyle Earth Elementalist on Apr 5, 2024.
             Slain by an ogre
             ... wielding a +0 giant club
              (19 damage)
             ... on level 4 of the Dungeon on Apr 8, 2024.
             The game lasted 00:10:53 (3170 turns).

Zeor the Digger (Gargoyle Earth Elementalist)       Turns: 3170, Time: 00:10:53

Health: -1/32      AC:  8    Str: 11    XL:     6   Next: 80%
Magic:  10/12      EV: 11    Int: 18    God:
Gold:   110        SH:  0    Dex: 10    Spells: 7/14 levels left

rFire   . . .        f - +1 mace
rCold   . . .        (no shield)
rNeg    + . .        l - +0 leather armour
rPois   ∞            m - +0 helmet
rElec   +            (no cloak)
rCorr   .            (no gloves)
SInv    .            (no boots)
Will    .....        (no amulet)
Stlth   +            (no ring)
HPRegen 0.25/turn    (no ring)
MPRegen 0.13/turn

%: no passive effects
@: very slightly contaminated, very slow
A: sickness immunity, AC +4, negative energy resistance 1, electricity
resistance, torment resistance 1, petrification resistance
a: no special abilities


You were on level 4 of the Dungeon.
You visited 1 branch of the dungeon, and saw 4 of its levels.

You collected 155 gold pieces.
You spent 45 gold pieces at shops.

Inventory:

Hand Weapons
 f - a +1 mace (weapon)
 h - a +0 hand axe of flaming
Missiles
 g - 4 poisoned darts
 o - 2 throwing nets
Armour
 l - a +0 leather armour (worn)
 m - a +0 helmet (worn)
Jewellery
 d - an amulet of faith
Scrolls
 a - a scroll of enchant weapon
 e - 2 scrolls of teleportation
Potions
 b - a potion of magic
 c - a potion of curing
 i - 2 potions of might
 j - 3 potions of heal wounds
 k - a potion of ambrosia
 n - a potion of attraction
 p - a potion of degeneration {unknown}


   Skills:
 + Level 0.3 Maces & Flails
 * Level 1.8 Armour
 + Level 1.8 Dodging
 + Level 2.2 Stealth
 + Level 0.1 Unarmed Combat
 + Level 4.6 Spellcasting
 + Level 1.1 Conjurations
 * Level 6.2 Earth Magic


You had 7 spell levels left.
You knew the following spells:

 Your Spells              Type           Power      Damage    Failure   Level
a - Stone Arrow           Conj/Erth      34%        3d9       12%         3
p - Passwall              Erth           26%        N/A       4%          3
s - Sandblast             Erth           52%        2d12      1%          1

Your spell library contained the following spells:

 Spells                   Type           Power      Damage    Failure   Level
 Magic Dart               Conj           32%        1d4       12%         1
 Blink                    Tloc           8%         N/A       28%         2
 Call Imp                 Summ           8%         N/A       28%         2
 Mercury Vapours          Alch/Air       8%         N/A       28%         2
 Brom's Barrelling Bould  Conj/Erth      17%        2d4       36%         4
 Dazzling Flash           Conj/Hex       12%        N/A       41%         3
 Mephitic Cloud           Conj/Alch/Air  5%         N/A       43%         3
 Petrify                  Alch/Erth      15%        N/A       45%         4
 Volatile Blastmotes      Fire/Tloc      8%         2d10      50%         3
 Freezing Cloud           Conj/Ice/Air   2%         6-21      99%         5
 Starburst                Conj/Fire      3%         6d3       100%        6
 Maxwell's Capacitive Co  Air            2%         ∞         100%        8


Dungeon Overview and Level Annotations

Branches:
Dungeon (4/15)
 Temple: D:4-7

Altars:

Shops:
D:2 =(![


Innate Abilities, Weirdness & Mutations

You are immune to sickness and miasma.
Your stone body is resilient. (AC +4)
You are immune to poison.
You resist negative energy. (rN+)
You are resistant to electric shocks. (rElec)
You are resistant to unholy torment.
You are immune to petrification.


Message History

The ball python bites you but does no damage.
The ball python grabs you. The ball python constricts you.
The ball python bites you but does no damage.
The ball python constricts you.
You hit the ball python.
The ball python is severely wounded.
The ball python bites you but does no damage.
The ball python constricts you.
The ball python bites you but does no damage.
The ball python constricts you.
You closely miss the ball python.
The ball python is severely wounded.
The ball python bites you but does no damage.
The ball python constricts you.
You hit the ball python.
You kill the ball python!
HP restored.
You see here a ball python corpse.
You enter the shallow water.
Moving in this stuff is going to be slow.
An ogre comes into view. It is wielding a +0 giant club.
Casting: Sandblast (safe; 1% risk of failure)
Confirm with . or Enter, or press ? or * to list all spells.
You can't see any susceptible monsters within range! (Use Z to cast anyway.)
Casting: Sandblast (safe; 1% risk of failure)
Confirm with . or Enter, or press ? or * to list all spells.
Aiming: Stone Arrow (quite dangerous; 12% risk of failure)
Press: ? - help, Shift-Dir - straight line, f - ogre
Aim: an ogre, wielding a +0 giant club (asleep, 100% to hit)
You miscast Stone Arrow.
You are very lightly contaminated with residual magic.
You are caught in a violent explosion.
The ogre shouts!
You hear a shout!
A giant cockroach comes into view.
The ogre attacks as it pursues you! The ogre hits you with a +0 giant club!
The ogre closely misses you. The ogre attacks as it pursues you!
The ogre hits you with a +0 giant club!!
Ouch! That really hurt!
You die...

∙∙ ▒▒▒∙▒▒ ~~O∙B ~~~▒▒
▒~~▒ ▒▒~▒ ▒▒▒~~▒
▒▒▒▒▒~~~▒▒
▒▒▒▒▒▒▒9O~B~▒▒▒
▒▒~~~~~~~▒▒▒▒▒
~▒▒~▒▒~~▒▒▒▒▒▒▒
∙∙∙~~~~∙∙▒▒▒▒▒▒▒▒▒▒▒▒▒▒▒▒
∙▒▒▒▒▒▒▒∙∙▒▒∙∙∙∙∙<∙∙∙∙∙∙∙
▒▒†▒∙∙▒▒▒▒▒▒▒▒▒▒▒▒ ▒∙∙∙▒▒
▒▒▒▒▒


You could see an ogre and a giant cockroach.

Vanquished Creatures
  Grinder (D:3)
  Jessica (D:3)
  5 adders
  7 gnolls
  3 dart slugs
  2 ribbon worms (D:2)
  3 bats (D:2)
  5 endoplasms
  2 giant cockroaches
  8 goblins
  4 hobgoblins
  A kobold (D:2)
  A quokka (D:3)
  11 ball pythons
  3 frilled lizards
  2 rats
59 creatures vanquished.

Vanquished Creatures (collateral kills)
  A hobgoblin (D:2)
1 creature vanquished.

Grand Total: 60 creatures vanquished

Notes
Turn   | Place    | Note
-------+----------+-------------------------------------------
     0 | D:1      | Zeor the Gargoyle Earth Elementalist began the quest for
                  | the Orb.
     0 | D:1      | Reached XP level 1. HP: 10/10 MP: 3/3
   381 | D:1      | Reached skill level 4 in Earth Magic
   496 | D:1      | Reached XP level 2. HP: 15/15 MP: 3/5
  1053 | D:2      | Found Ceetoipo's Weapon Emporium.
  1122 | D:2      | Reached XP level 3. HP: 19/19 MP: 2/6
  1126 | D:2      | Learned a level 3 spell: Stone Arrow
  1130 | D:2      | Learned a level 3 spell: Passwall
  1178 | D:2      | Found Gewk's Armour Shop.
  1186 | D:2      | Bought a +0 helmet for 45 gold pieces
  1339 | D:2      | Found Vudass's Distillery.
  1353 | D:2      | Reached XP level 4. HP: 23/24 MP: 2/8
  1610 | D:2      | Found Wubuon's Jewellery Shoppe.
  1805 | D:2      | Reached skill level 1 in Armour
  2057 | D:3      | Reached XP level 5. HP: 28/28 MP: 7/10
  2229 | D:3      | Reached skill level 5 in Earth Magic
  2259 | D:3      | Noticed Jessica
  2263 | D:3      | Killed Jessica
  2467 | D:3      | Noticed Grinder
  2468 | D:3      | Paralysed by Grinder for 2 turns
  2472 | D:3      | Killed Grinder
  2473 | D:3      | Reached skill level 6 in Earth Magic
  2473 | D:3      | Reached XP level 6. HP: 32/32 MP: 2/12
  3170 | D:4      | Slain by an ogre

Illustrated notes

Levels and vault maps discovered:
D:1:      scummos_arrival_simple_crosswalls, layout_basic
D:2:      layout_rooms, serial_shops, shop, shop, shop,
          nicolae_shop_gaudy_bauble, serial_forest,
          infiniplex_forest_clump_large, infiniplex_forest_corner_2,
          infiniplex_forest_fountain, infiniplex_forest_clump_tiny,
          infiniplex_forest_end_1, infiniplex_forest_end_1,
          infiniplex_forest_3_way, serial_park_tiny_1, minmay_shallow_snake_nest
D:3:      layout_loops_ring, chequers_serial_rivers_marsh,
          grunt_decor_one_mirror, kennysheep_jessica_study, uniq_grinder
D:4:      layout_rooms, chequers_serial_rivers_micro_c, minmay_manual_mullet,
          uniq_sigmund

Skill      XL: |  1  2  3  4  5 |
---------------+----------------+-----
Earth Magic    | 4 6 |  6.2
Spellcasting   | 3 4 |  4.6
Armour         | 1 |  1.8
Maces & Flails | |  0.3
Dodging        | |  1.8
Stealth        | |  2.2
Unarmed Combat | |  0.1
Conjurations   | |  1.1

Action                     |  1- 3 |  4- 6 || total
---------------------------+-------+-------++-------
  Melee: Mace              |     9 |    19 ||    28
         Unarmed           |     4 |       ||     4
   Cast: Sandblast         |    32 |    45 ||    77
         Stone Arrow       |       |     4 ||     4
    Use: Scroll            |     6 |     4 ||    10
   Stab: Sleeping          |     1 |       ||     1
 Armour: Robe              |    10 |       ||    10
         Leather armour    |     6 |    22 ||    28
  Dodge: Dodged            |    13 |    19 ||    32
